 Dungeon Crawl Stone Soup version 0.29.1-15-g9cfb28693d (webtiles) character file.

Game seed: 13615816505122049621

26 Heoruswealwe the Caller (level 2, 15/15 HPs)
             Began as a Deep Elf Summoner on Feb 21, 2023.
             Was a Believer of Lugonu.
             Got out of the dungeon alive.
             The game lasted 00:09:40 (991 turns).

Heoruswealwe the Caller (Deep Elf Summoner)          Turns: 991, Time: 00:09:41

Health: 15/15      AC:  7    Str:  5    XL:     2   Next: 89%
Magic:  9/9        EV: 12    Int: 19    God:    Lugonu [**....]
Gold:   48         SH:  0    Dex: 15    Spells: 8/9 levels left

rFire   . . .      SeeInvis .   g - +0 short sword
rCold   . . .      Faith    .   (no shield)
rNeg    . . .      Spirit   .   a - +1 robe
rPois   .          Reflect  .   (no helmet)
rElec   .          Harm     .   (no cloak)
rCorr   .          Rampage  .   (no gloves)
Will    .....                   (no boots)
Stlth   ++........              (no amulet)
HPRegen 0.05/turn               m - +4 ring of protection
MPRegen 0.11/turn               (no ring)

@: no status effects
A: no striking features
a: Renounce Religion, Depart the Abyss, Bend Space


You escaped.
You worshipped Lugonu.
Lugonu was pleased with you.
You visited 1 branch of the dungeon, and saw 1 of its levels.

You collected 48 gold pieces.

Inventory:

Hand Weapons
 g - a +0 short sword (weapon)
 h - a +0 club
 j - a +0 whip
 l - a +0 club
 n - a +0 club
 o - a +0 dagger
 q - a +0 whip of draining
Missiles
 f - 10 stones
Armour
 a - a +1 robe (worn)
Jewellery
 m - a +4 ring of protection (left hand)
Scrolls
 e - a scroll of enchant armour
Potions
 b - a potion of magic
 i - a potion of haste
 k - a potion of lignification


   Skills:
 - Level 2.4 Dodging
 - Level 2.4 Stealth
 + Level 4.0 Spellcasting
 + Level 4.9 Summonings


You had 8 spell levels left.
You knew the following spells:

 Your Spells              Type           Power      Damage    Failure   Level
a - Summon Small Mammal   Summ           88%        N/A       1%          1

Your spell library contained the following spells:

 Spells                   Type           Power      Damage    Failure   Level
 Call Imp                 Summ           22%        N/A       2%          2
 Call Canine Familiar     Summ           22%        N/A       5%          3
 Summon Guardian Golem    Hex/Summ       13%        N/A       16%         3
 Summon Lightning Spire   Summ/Air       13%        N/A       45%         4


Dungeon Overview and Level Annotations

Branches:
Dungeon (1/15)

Altars:
Lugonu


Message History

You open the door.
There is an open door here.
You now have 48 gold pieces (gained 9).
There is an open door here.
Your quokka disappears in a puff of smoke!
There is an open door here.
There is a shaft here.
There is a shaft here.
There is an open door here.
Found a murky pink potion.
k - 2 murky pink potions (gained 1)
You open the door.
Done exploring.
As you read the scroll labelled ITREZAPTOA, it crumbles to dust.
The air around you briefly surges with heat, but it dissipates.
It was a scroll of immolation.
As you read the scroll labelled REJEHUVIJIR, it crumbles to dust.
You feel strangely unstable.
It was a scroll of teleportation.
Your surroundings suddenly seem different.
As you read the scroll labelled ZAODUSTRAIT, it crumbles to dust.
It is a scroll of enchant armour.
Your +0 robe glows green for a moment.
As you read the scroll labelled JOELIH JITZ, it crumbles to dust.
It is a scroll of identify.
i - a potion of haste It was a potion of might.
You feel very mighty all of a sudden.
It was a potion of lignification.
You turn into a tree.
Your +1 robe melds into your body.
Your roots penetrate the ground.
You start waiting.
Your transformation is almost over.
HP restored.
You feel less wooden.
Your +1 robe unmelds from your body.
There is an open door here.
You feel a little less mighty now.
There is a staircase leading out of the dungeon here.
Okay, then.
Are you sure you want to leave the Dungeon?
This will make you lose the game!
You have escaped!

.......♣.♣.♣♣...♣♣.♣.♣#.....##...
####..♣♣.♣.♣.♣♣.8♣.♣.♣♣#.#...###'
#..♣8.♣.♣.♣8.♣♣.♣.8♣........#÷
#..♣♣.♣.♣.♣♣....♣.♣♣........##
#..#♣.♣.♣♣..♣♣♣8♣.♣.........##
##..#♣.♣♣.♣♣...♣♣♣.♣.#.........
#...#♣♣.♣♣.♣♣♣♣...♣♣...........
#..## ♣♣.♣♣...♣♣8♣♣#.#.........
###..####♣♣.♣♣♣.@♣♣♣##.#.........
..........♣♣..♣♣♣♣♣....#.########
...######.##.....##..##..# ...#
#.##.#...##..##..# ...#
#.##...#.###.##..# ...#
#.####.#.###.....# ...#
#.#....#....###.## ...#
#.#.####.##.##..# ...#
###...#######.##.##


There were no monsters in sight!

Vanquished Creatures
  An endoplasm (D:1)
  A giant cockroach (D:1)
  A goblin (D:1)
  2 hobgoblins (D:1)
  A kobold (D:1)
6 creatures vanquished.

Vanquished Creatures (collateral kills)
  An endoplasm (D:1)
  2 giant cockroaches (D:1)
  2 goblins (D:1)
  2 hobgoblins (D:1)
  2 kobolds (D:1)
  2 quokkas (D:1)
  2 ball pythons (D:1)
  A bat (D:1)
  A rat (D:1)
15 creatures vanquished.

Grand Total: 21 creatures vanquished

Notes
Turn   | Place    | Note
-------+----------+-------------------------------------------
     0 | D:1      | Heoruswealwe the Deep Elf Summoner began the quest for the
                  | Orb.
     0 | D:1      | Reached XP level 1. HP: 10/10 MP: 6/6
   303 | D:1      | Reached XP level 2. HP: 10/15 MP: 5/8
   495 | D:1      | Found a faded altar of an unknown god.
   501 | D:1      | Prayed at the altar of an unknown god.
   501 | D:1      | Became a worshipper of Lugonu the Unformed
   501 | D:1      | Reached * piety under Lugonu
   501 | D:1      | Reached ** piety under Lugonu
   991 | D:$      | Got out of the dungeon alive.

Illustrated notes

Levels and vault maps discovered:
D:1:      nagdon_arrival_double_spiral, layout_basic,
          hellmonk_ecumenical_altar_defaced_shrine

Skill      XL: |  1  2 |
---------------+-------+-----
Spellcasting   | 4 |  4.0
Dodging        | |  2.4
Stealth        | |  2.4
Summonings     | |  4.9

Action                   || total
-------------------------++-------
Melee: Short sword       ||    18
 Cast: Summon Small Mamm ||    22
  Use: Scroll            ||     4
       Potion            ||     2
 Stab: Distracted        ||     1
       Sleeping          ||     1
Armor: Robe              ||     4
Dodge: Dodged            ||     8
